 Dungeon Crawl Stone Soup version 0.19.4-9-g45fd643 (webtiles) character file.

350 tof the Grave Robber (level 6, -2/49 HPs)
             Began as a Deep Dwarf Necromancer on Feb 21, 2017.
             Slain by an ice beast (14 damage)
             ... on level 5 of the Dungeon.
             The game lasted 00:20:33 (4215 turns).

tof the Grave Robber (Deep Dwarf Necromancer)       Turns: 4215, Time: 00:20:35

Health: -2/49      AC:  4    Str: 11    XL:     6   Next: 34%
Magic:  0/11       EV: 13    Int: 18    God:
Gold:   177        SH:  0    Dex: 13    Spells: 4 memorised, 4 levels left

rFire  + . .     SeeInvis .     (no weapon)
rCold  x . .     Gourm    .     j - +0 robe
rNeg   . . .     Faith    .     (no shield)
rPois  .         Spirit   .     (no helmet)
rElec  .         Reflect  .     e - +0 cloak
rCorr  .         Harm     .     (no gloves)
MR     .....                    h - +0 pair of boots
Stlth  ++........               (no amulet)
                                (no ring)
                                t - ring of fire

@: non-regenerating
A: damage resistance, recharge devices, sense surroundings 1, slow regeneration
3
a: Device Recharging


You were on level 5 of the Dungeon.
You were not hungry.

You visited 1 branch of the dungeon, and saw 6 of its levels.

You collected 177 gold pieces.

Inventory:

Armour
 a - a +0 robe
 e - a +0 cloak (worn)
 h - a +0 pair of boots (worn)
 j - a +0 robe (worn)
Jewellery
 f - a +4 ring of strength {unknown}
 t - a ring of fire (left hand)
Wands
 c - a wand of heal wounds (3/9)
 u - a wand of disintegration (16/24)
 x - a wand of confusion (39/48)
Scrolls
 g - a scroll of magic mapping
 k - a scroll of enchant weapon {unknown}
 s - 2 scrolls of remove curse
 v - a scroll of random uselessness {unknown}
 w - 2 scrolls of recharging {unknown}
Potions
 i - 3 potions of curing {unknown}
 l - 2 potions of heal wounds {unknown}
 m - a potion of flight {unknown}
 o - a potion of berserk rage {unknown}
 p - a potion of invisibility {unknown}
 q - a potion of haste {unknown}
 r - a potion of brilliance {unknown}
Books
 b - a book of Necromancy

   Spells                             Type                      Level
   a - Pain                           Necromancy                   1
   b - Animate Skeleton               Necromancy                   1
   c - Vampiric Draining              Necromancy                   3
   d - Regeneration                   Charms/Necromancy            3
   e - Animate Dead                   Necromancy                   4
   f - Control Undead                 Necromancy                   4
Comestibles
 d - 3 bread rations
 n - a beef jerky


   Skills:
 + Level 0.1 Fighting
 + Level 2.5 Dodging
 + Level 3.0 Stealth
 + Level 0.5 Unarmed Combat
 + Level 4.3 Spellcasting
 + Level 6.0 Necromancy


You had 4 spell levels left.
You knew the following spells:

 Your Spells              Type           Power        Failure   Level  Hunger
a - Pain                  Necr           ####         1%          1    None
b - Vampiric Draining     Necr           ####......   3%          3    ###....
c - Animate Skeleton      Necr           N/A          1%          1    None
d - Control Undead        Necr           ####......   14%         4    ####...


Dungeon Overview and Level Annotations

Branches:
Dungeon (6/15)
 Temple: D:4-7

Altars:
Cheibriados
Xom

Annotations:
D:4 PeterLawrence's ghost, novice MiFi
D:6 Sigmund


Innate Abilities, Weirdness & Mutations

You are resistant to damage.
You can recharge devices by infusing magical energy.
You passively map a small area around you.
You do not regenerate.


Message History

Aim: a worker ant (severely wounded, chance to defeat MR: 89%)
The worker ant barely resists.
The worker ant bites you.
* * * LOW HITPOINT WARNING * * *
The ice beast hits you but does no damage.
The crimson imp blinks!
The jackal bites you but does no damage.
The jackal closely misses you. The shadow imp misses you.
Casting: Pain
Confirm with . or Enter, or press ? or * to list all spells.
Aiming: Pain
Press: ? - help, Shift-Dir - straight line, f/p - worker ant
Aim: a worker ant (severely wounded, chance to defeat MR: 89%)
The worker ant writhes in agony!
You kill the worker ant!
Your Stealth skill increases to level 3!
Your Necromancy skill increases to level 6!
The jackal barely misses you. The jackal misses you. The ice beast hits you.
* * * LOW HITPOINT WARNING * * *
The ice beast freezes you!
You feel a terrible chill!
You die...

######.........# *###
....##.....[...##.....#
##..........5.........#
##.............##.....#
##.._.................#
##....................#
......................#
...............5Y.....#
.############.o†@.....#
## ####..hoh....# #
######.J.o..#####.# #
#.....o...#.# , # *
#.###.#####..# *, . *
#.# *....# * # ######)#
.##.# , ** #.hh..h# #.*
.. * * ..5.###### .#


You could see an ice beast, an orc priest, an orc wizard, a crimson imp, an
ooze, a shadow imp, 2 orcs and 2 jackals.

Vanquished Creatures
  A centaur (D:5)
  An iguana (D:5)
  2 worker ants (D:5)
  8 adders
  3 gnolls (D:3)
  A worm (D:2)
  A dart slug (D:2)
  2 leopard geckos (D:3)
  14 orcs
  A ball python (D:3)
  4 giant cockroaches
  10 goblins
  6 hobgoblins
  8 jackals
  3 bats
  4 frilled lizards
  2 kobolds (D:1)
  6 rats
77 creatures vanquished.

Notes
Turn   | Place    | Note
-------+----------+-------------------------------------------
     0 | D:1      | tof the Deep Dwarf Necromancer began the quest for the Orb.
     0 | D:1      | Reached XP level 1. HP: 15/15 MP: 3/3
   183 | D:1      | Reached XP level 2. HP: 11/22 MP: 1/5
   922 | D:2      | Reached skill level 5 in Necromancy
   922 | D:2      | Reached XP level 3. HP: 28/28 MP: 1/6
  1218 | D:2      | Learned a level 3 spell: Vampiric Draining
  1440 | D:2      | Reached XP level 4. HP: 36/36 MP: 6/8
  2379 | D:3      | Reached XP level 5. HP: 42/42 MP: 4/9
  3070 | D:4      | Found a snail-covered altar of Cheibriados.
  3231 | D:4      | Noticed PeterLawrence's ghost (novice MiFi)
  3406 | D:3      | Learned a level 1 spell: Animate Skeleton
  3415 | D:3      | Learned a level 4 spell: Control Undead
  3967 | D:5      | Entered Level 5 of the Dungeon
  4046 | D:5      | Found a shimmering altar of Xom.
  4049 | D:5      | Noticed a centaur
  4058 | D:5      | Killed a centaur
  4058 | D:5      | Reached XP level 6. HP: 17/49 MP: 1/12
  4195 | D:5      | Noticed an ice beast
  4204 | D:6      | Noticed Sigmund
  4204 | D:6      | Noticed an orc warrior
  4215 | D:5      | Reached skill level 6 in Necromancy
  4215 | D:5      | Slain by an ice beast

Skill      XL: |  1  2  3  4  5  6 |
---------------+-------------------+-----
Spellcasting   | 2 3 4 |  4.3
Necromancy     | 5 6 |  6.0
Stealth        | 3 |  3.0
Fighting       | |  0.1
Dodging        | |  2.5
Unarmed Combat | |  0.5

Action                   |  1- 3 |  4- 6 || total
-------------------------+-------+-------++-------
Melee: Unarmed           |    72 |    41 ||   113
 Cast: Pain              |    60 |    95 ||   155
       Vampiric Draining |     1 |    18 ||    19
       Control Undead    |       |     3 ||     3
 Abil: Device Recharging |       |     1 ||     1
Evoke: Wand              |     2 |     5 ||     7
  Use: Scroll            |       |     5 ||     5
  Eat: Chunk             |     3 |     7 ||    10
       Bread ration      |       |     1 ||     1
Armor: Robe              |    26 |    29 ||    55
Dodge: Dodged            |    76 |   107 ||   183
